 Dungeon Crawl Stone Soup version 0.29.0-4-gdea44cf6ec (webtiles) character file.

Game seed: 6033865323947432587

6857 qw the Cleaver (level 11, -25/72 HPs)
             Began as a Gargoyle Berserker on Sept 4, 2022.
             Was a Priest of Trog.
             Killed from afar by a gargoyle (30 damage)
             ... with a stone arrow
             ... on level 10 of the Dungeon.
             The game lasted 00:03:29 (12601 turns).

qw the Cleaver (Gargoyle Berserker)                Turns: 12601, Time: 00:03:29

Health: -25/72     AC: 22    Str: 24    XL:     11   Next: 6%
Magic:  11/11      EV:  9    Int:  9    God:    Trog [***...]
Gold:   401        SH:  0    Dex:  9    Spells: 10/10 levels left

rFire   . . .      SeeInvis .   Y - +1 war axe
rCold   . . .      Faith    .   (no shield)
rNeg    + + .      Spirit   .   j - +0 chain mail
rPois   inf        Reflect  .   i - +1 helmet
rElec   +          Harm     .   c - +0 cloak
rCorr   .          Rampage  .   (no gloves)
Will    .....                   (no boots)
Stlth   ..........              (no amulet)
HPRegen 0.22/turn               d - +4 ring of slaying {mikee}
MPRegen 0.12/turn               e - ring of positive energy

@: on berserk cooldown, slowed, very slow
A: sickness immunity, AC +8, negative energy resistance 1, electricity
resistance, torment resistance 1, petrification resistance
a: Renounce Religion, Berserk, Trog's Hand


You were on level 10 of the Dungeon.
You worshipped Trog.
Trog was most pleased with you.
You visited 1 branch of the dungeon, and saw 10 of its levels.

You collected 518 gold pieces.
You spent 117 gold pieces at shops.


Innate Abilities, Weirdness & Mutations

You are immune to sickness and miasma.
Your stone body is resilient. (AC +8)
You are immune to poison.
You resist negative energy. (rN+)
You are resistant to electric shocks. (rElec)
You are resistant to unholy torment.
You are immune to petrification.


   Skills:
 - Level 9.8 Fighting
 + Level 11.7 Axes
 - Level 1.2 Throwing
 - Level 7.7 Armour
 - Level 2.1 Dodging


You had 10 spell levels left.
You didn't know any spells.
Your spell library was empty.

Inventory:

Hand Weapons
 q - a +0 morningstar
 Y - a +1 war axe (weapon)
Missiles
 a - a boomerang (quivered)
Armour
 c - a +0 cloak (worn)
 i - a +1 helmet (worn)
 j - a +0 chain mail (worn)
Jewellery
 d - a +4 ring of slaying (left hand) {mikee}
 e - a ring of positive energy (right hand)
 g - an amulet of reflection
 m - a ring of ice
Scrolls
 h - a scroll of identify
 n - a scroll of noise {unknown}
 r - a scroll of acquirement {unknown}
Potions
 k - a potion of resistance
 l - a potion of curing
 o - a potion of might
 p - a potion of mutation {unknown}

Dungeon Overview and Level Annotations

Branches:
Dungeon (10/15)            Temple (0/1) D:6
   Lair: D:8-11         Orc: D:9-12

Altars:
Ashenzari
Fedhas
Gozag
Hepliaklqana
Makhleb
Okawaru
Qazlal
Ru
Trog
Vehumet
Xom
Yredelemnul
Zin
The Shining One

Shops:
D:1 (   D:3 *   D:5 [


Message History

The stone arrow misses you.
You completely miss the gargoyle.
The gargoyle is lightly damaged.
The gargoyle hits you with a +0 morningstar!
Your unstable footing causes you to fumble your attack.
The gargoyle barely misses you.
You slash the gargoyle!
The gargoyle is severely damaged.
The gargoyle hurls a stone arrow at you.
The stone arrow hits you!
The gargoyle hits you but does no damage.
Your unstable footing causes you to fumble your attack.
The gargoyle hits you with a +0 morningstar!
Your unstable footing causes you to fumble your attack.
The gargoyle hurls a stone arrow at you.
The stone arrow hits you but does no damage.
The gargoyle hurls a stone arrow at you.
The stone arrow misses you.
You hit the gargoyle but do no damage.
The gargoyle is severely damaged.
The gargoyle closely misses you.
Your unstable footing causes you to fumble your attack.
The gargoyle hurls a stone arrow at you.
The stone arrow misses you.
Your unstable footing causes you to fumble your attack.
The gargoyle barely misses you. x2
Your unstable footing causes you to fumble your attack.
The gargoyle hurls a stone arrow at you.
The stone arrow misses you.
Your unstable footing causes you to fumble your attack.
The gargoyle hurls a stone arrow at you.
The stone arrow misses you.
The gargoyle hits you but does no damage.
Your unstable footing causes you to fumble your attack.
The gargoyle hurls a stone arrow at you.
The stone arrow hits you!
Your unstable footing causes you to fumble your attack.
The gargoyle hurls a stone arrow at you.
The stone arrow hits you!!
You die...

.......#####.......#
#....#...........#
#..............##
#.....##...[..# #
##..#...#...##....#
#...#...#...####....
#.%##.............#.
#).#..............#
......#~~9@...~..~..
......##~~~~~.~P~~~#.
..9.#.....~~P~~P~~~~~#
...####...~~~~~~~~~~~#
... #...~P~P~~~~~P~#
... #...~~~~~~~~~~~#
#..7~~~~~~~~~~~7
##.7~~~~~~~~~~P7


You could see a gargoyle.

Vanquished Creatures
  2 two-headed ogres
  An unseen horror (D:6)
  A hornet (D:10)
  A shadow (D:10)
  A wyvern (D:10)
  2 steam dragons
  5 yaks (D:8)
  Menkaure (D:4)
  2 acid dragons
  A water moccasin (D:8)
  2 black bears (D:8)
  An ice beast (D:6)
  An orc warrior (D:9)
  2 sky beasts
  2 ogres
  3 centaurs
  2 kobold brigands
  3 bullfrogs
  2 gnoll sergeants
  A necrophage (D:6)
  2 scorpions
  3 wights (D:4)
  5 killer bees (D:9)
  5 howler monkeys (D:9)
  An electric eel (D:10)
  A crimson imp (D:3)
  2 jellies
  3 orc priests
  5 hounds
  A gnoll bouda (D:8)
  Natasha (thrice) (D:3)
  Terence (D:3)
  7 iguanas
  6 orc wizards
  Robin (D:5)
  22 gnolls
  14 adders
  3 white imps
  2 ufetubi (D:5)
  3 worms
  2 dart slugs
  24 orcs
  3 endoplasms (D:2)
  4 giant cockroaches
  12 hobgoblins
  6 jackals (D:2)
  8 kobolds
  4 quokkas
  2 ball pythons (D:1)
  4 bats
  6 frilled lizards
  18 goblins
  A goblin skeleton (D:3)
  4 goblin zombies (D:3)
  3 hobgoblin zombies (D:3)
  2 kobold skeletons (D:3)
  An orc zombie (D:3)
  4 rats
234 creatures vanquished.

Vanquished Creatures (others)
  57 plants
57 creatures vanquished.

Grand Total: 291 creatures vanquished

Notes
Turn   | Place    | Note
-------+----------+-------------------------------------------
     0 | D:1      | qw the Gargoyle Berserker began the quest for the Orb.
     0 | D:1      | Reached XP level 1. HP: 14/14 MP: 1/1
     0 | D:1      | 0 ||| qw: Version: 0.1-a-103-gd6f5d3a
     0 | D:1      | 0 ||| qw: Game counter: 5521
     0 | D:1      | 0 ||| qw: Always use a shield: true
     0 | D:1      | 0 ||| qw: Do Orc after D:15 true
     0 | D:1      | 0 ||| qw: Do second Lair branch before Depths: true
     0 | D:1      | 0 ||| qw: Lair rune preference: random
     0 | D:1      | 0 ||| qw: Plans: Normal
     0 | D:1      | 0 ||| PLANNING D:1-11
   328 | D:1      | Reached skill level 3 in Axes
   404 | D:1      | 404 ||| Stepping ~*~*~tactically~*~*~ (stealth).
   406 | D:1      | 406 ||| Stepping ~*~*~tactically~*~*~ (hiding).
   412 | D:1      | 412 ||| INVOKING Berserk.
   414 | D:1      | Reached XP level 2. HP: 12/19 MP: 2/2
   801 | D:1      | Found Wotudaec's Antique Weapon Shop.
   859 | D:1      | 859 ||| Stepping ~*~*~tactically~*~*~ (stealth).
   861 | D:1      | 861 ||| Stepping ~*~*~tactically~*~*~ (stealth).
   862 | D:1      | 862 ||| Stepping ~*~*~tactically~*~*~ (stealth).
  1298 | D:1      | Found a faded altar of an unknown god.
  1343 | D:1      | 1343 ||| DROPPING +1 flail of pain.
  1475 | D:1      | 1475 ||| UPGRADING to +0 leather armour.
  1485 | D:1      | 1485 ||| DROPPING +0 animal skin.
  1486 | D:1      | 1486 ||| UPGRADING to +0 ring mail.
  1496 | D:1      | 1496 ||| DROPPING +0 leather armour.
  1497 | D:1      | 1497 ||| UPGRADING to +0 chain mail.
  1507 | D:1      | 1507 ||| DROPPING +0 ring mail.
  1508 | D:1      | 1508 ||| UPGRADING to +4 ring of slaying {mikee}.
  1509 | D:1      | 1509 ||| READING scroll labelled EGOOS OCZO.
  1510 | D:1      | 1510 ||| READING scroll labelled FUT TO CAATZ.
  1514 | D:1      | 1514 ||| READING scroll labelled WUBAGIE MINKAD.
  1515 | D:1      | 1515 ||| DRINKING 2 golden potions.
  1516 | D:1      | 1516 ||| DROPPING potion of brilliance.
  1564 | D:2      | Reached XP level 3. HP: 23/23 MP: 3/3
  1572 | D:2      | 1572 ||| DROPPING +0 whip.
  1638 | D:2      | 1638 ||| Stepping ~*~*~tactically~*~*~ (stealth).
  1644 | D:2      | 1644 ||| Stepping ~*~*~tactically~*~*~ (stealth).
  1645 | D:2      | 1645 ||| Stepping ~*~*~tactically~*~*~ (stealth).
  1646 | D:2      | 1646 ||| Stepping ~*~*~tactically~*~*~ (stealth).
  1652 | D:2      | 1652 ||| INVOKING Berserk.
  1655 | D:2      | Reached skill level 4 in Axes
  1683 | D:2      | 1683 ||| Stepping ~*~*~tactically~*~*~ (stealth).
  1686 | D:2      | 1686 ||| Stepping ~*~*~tactically~*~*~ (stealth).
  1908 | D:2      | You fall into a shaft and drop 1 floor!
  1915 | D:3      | 1915 ||| READING 2 scrolls labelled TATEFEWEIVY.
  1916 | D:3      | 1916 ||| READING 2 scrolls labelled HIANOZ GYDALI.
  2017 | D:3      | 2017 ||| READING scroll labelled VEOSIM CEGE.
  2065 | D:3      | 2065 ||| DROPPING scroll of butterflies.
  2066 | D:3      | 2066 ||| DROPPING scroll of silence.
  2106 | D:2      | Reached XP level 4. HP: 25/28 MP: 4/4
  2109 | D:2      | 2109 ||| Stepping ~*~*~tactically~*~*~ (stealth).
  2136 | D:2      | 2136 ||| Stepping ~*~*~tactically~*~*~ (hiding).
  2354 | D:2      | 2354 ||| SWAPPING to +0 war axe.
  2356 | D:2      | 2356 ||| DROPPING +0 hand axe.
  2473 | D:2      | Found a basalt altar of Yredelemnul.
  2624 | D:2      | 2624 ||| READING scroll labelled XAQEOH MIETU.
  2701 | D:3      | Noticed Terence
  2705 | D:3      | 2705 ||| INVOKING Berserk.
  2706 | D:3      | Killed Terence
  2813 | D:3      | 2813 ||| DROPPING +0 whip of venom.
  2879 | D:3      | 2879 ||| INVOKING Berserk.
  2888 | D:3      | Reached skill level 5 in Axes
  2888 | D:3      | Reached XP level 5. HP: 32/32 MP: 5/5
  2890 | D:3      | Noticed Robin
  2892 | D:3      | Noticed Natasha
  2897 | D:3      | Reached ** piety under Trog
  2899 | D:3      | Killed Natasha
  2899 | D:3      | HP: 7/32 [Robin/+0 trident (5)]
  2900 | D:3      | 2900 ||| READING scroll of teleportation.
  3212 | D:3      | Found a stormy altar of Qazlal.
  3293 | D:3      | Found a glowing golden altar of the Shining One.
  3298 | D:3      | 3298 ||| Stepping ~*~*~tactically~*~*~ (stealth).
  3299 | D:3      | 3299 ||| Stepping ~*~*~tactically~*~*~ (stealth).
  3338 | D:3      | Noticed Natasha
  3339 | D:3      | 3339 ||| Stepping ~*~*~tactically~*~*~ (stealth).
  3345 | D:3      | 3345 ||| Stepping ~*~*~tactically~*~*~ (hiding).
  3346 | D:3      | 3346 ||| Stepping ~*~*~tactically~*~*~ (hiding).
  3347 | D:3      | 3347 ||| Stepping ~*~*~tactically~*~*~ (hiding).
  3350 | D:3      | 3350 ||| INVOKING Berserk.
  3351 | D:3      | Killed Natasha
  3352 | D:3      | Reached XP level 6. HP: 38/38 MP: 6/6
  3356 | D:3      | Noticed Natasha
  3357 | D:3      | 3357 ||| Stepping ~*~*~tactically~*~*~ (hiding).
  3365 | D:3      | Killed Natasha
  3368 | D:3      | 3368 ||| Stepping ~*~*~tactically~*~*~ (stealth).
  3532 | D:3      | 3532 ||| Stepping ~*~*~tactically~*~*~ (stealth).
  3533 | D:3      | 3533 ||| Stepping ~*~*~tactically~*~*~ (stealth).
  3538 | D:3      | 3538 ||| Stepping ~*~*~tactically~*~*~ (stealth).
  3540 | D:3      | 3540 ||| Stepping ~*~*~tactically~*~*~ (stealth).
  3544 | D:3      | 3544 ||| INVOKING Berserk.
  3547 | D:3      | Reached skill level 6 in Axes
  3784 | D:3      | Found Pannan's Assorted Antiques.
  3792 | D:3      | 3792 ||| BUYING cloak (117 gold).
  3792 | D:3      | Bought a cloak for 117 gold pieces
  3792 | D:3      | 3792 ||| SHOPLISTING sapphire potion (23 gold, have 7).
  4056 | D:3      | 4056 ||| UPGRADING to +0 cloak.
  4061 | D:3      | 4061 ||| DRINKING 3 metallic silvery potions.
  4062 | D:3      | 4062 ||| DRINKING 2 sapphire potions.
  4063 | D:3      | 4063 ||| DRINKING 2 murky cyan potions.
  4064 | D:3      | 4064 ||| DRINKING 2 fizzy inky potions.
  4169 | D:3      | 4169 ||| DROPPING potion of flight.
  4170 | D:3      | 4170 ||| DROPPING potion of berserk rage.
  4195 | D:4      | Found an opulent altar of Gozag.
  4197 | D:4      | 4197 ||| Stepping ~*~*~tactically~*~*~ (stealth).
  4211 | D:4      | Reached *** piety under Trog
  4212 | D:4      | Reached skill level 3 in Armour
  4331 | D:4      | 4331 ||| INVOKING Berserk.
  4335 | D:4      | Reached XP level 7. HP: 43/43 MP: 7/7
  4440 | D:4      | Noticed Menkaure
  4444 | D:4      | 4444 ||| INVOKING Berserk.
  4447 | D:4      | Killed Menkaure
  4448 | D:4      | Reached skill level 7 in Axes
  4477 | D:4      | 4477 ||| Stepping ~*~*~tactically~*~*~ (stealth).
  4716 | D:4      | 4716 ||| INVOKING Berserk.
  4720 | D:4      | Reached skill level 1 in Throwing
  4897 | D:4      | 4897 ||| DROPPING +0 flail.
  5126 | D:4      | 5126 ||| DRINKING 2 inky potions.
  5127 | D:4      | 5127 ||| DROPPING potion of attraction.
  5145 | D:5      | Entered Level 5 of the Dungeon
  5241 | D:5      | Found a large runed translucent door.
  5242 | D:5      | 5242 ||| INVOKING Berserk.
  5243 | D:5      | Found a large runed translucent door.
  5246 | D:5      | Killed Robin
  5256 | D:5      | Reached XP level 8. HP: 44/49 MP: 8/8
  5477 | D:5      | Found Huicw's Armour Shoppe.
  5480 | D:5      | 5480 ||| SHOPLISTING +0 kite shield (54 gold, have 49).
  5634 | D:5      | Found a bloodstained altar of Trog.
  5769 | D:5      | Reached skill level 8 in Axes
  5784 | D:5      | Found a sacrificial altar of Ru.
  5810 | D:5      | 5810 ||| UPGRADING to +1 helmet.
  5815 | D:5      | 5815 ||| DRINKING 2 silvery potions.
  5876 | D:5      | 5876 ||| INVOKING Berserk.
  6073 | D:5      | 6073 ||| Stepping ~*~*~tactically~*~*~ (stealth).
  6075 | D:5      | 6075 ||| Stepping ~*~*~tactically~*~*~ (stealth).
  6094 | D:5      | 6094 ||| INVOKING Berserk.
  6310 | D:5      | Found a burning altar of Makhleb.
  6561 | D:5      | 6561 ||| Stepping randomly (stuck).
  6707 | D:5      | 6707 ||| Stepping randomly (stuck).
  6731 | D:6      | 6731 ||| STAIRDANCE
  6735 | D:5      | Reached skill level 6 in Fighting
  6749 | D:6      | 6749 ||| STAIRDANCE
  6813 | D:6      | 6813 ||| INVOKING Berserk.
  6820 | D:6      | 6820 ||| STAIRDANCE
  6911 | D:6      | Killed an unseen horror
  6912 | D:6      | Reached skill level 9 in Axes
  6912 | D:6      | Reached XP level 9. HP: 30/55 MP: 9/9
  7087 | D:6      | 7087 ||| INVOKING Berserk.
  7378 | D:6      | 7378 ||| DROPPING +4 flail.
  7389 | D:6      | 7389 ||| INVOKING Berserk.
  7617 | D:6      | 7617 ||| Stepping ~*~*~tactically~*~*~ (stealth).
  7619 | D:6      | 7619 ||| Stepping ~*~*~tactically~*~*~ (hiding).
  7639 | D:6      | 7639 ||| Stepping ~*~*~tactically~*~*~ (stealth).
  7640 | D:6      | 7640 ||| Stepping ~*~*~tactically~*~*~ (stealth).
  8018 | D:6      | 8018 ||| INVOKING Berserk.
  8138 | D:6      | Found a staircase to the Ecumenical Temple.
  8182 | D:6      | 8182 ||| READING scroll labelled IGHEOJ KOHIE.
  8183 | D:6      | 8183 ||| READING 2 scrolls of identify.
  8183 | D:6      | 8183 ||| IDENTIFYING ruby potion
  8184 | D:6      | 8184 ||| DROPPING potion of lignification.
  8269 | D:5      | 8269 ||| READING scroll of teleportation.
  8396 | D:5      | 8396 ||| Stepping randomly (stuck).
  8403 | D:5      | Found a basalt altar of Yredelemnul.
  8409 | D:5      | Found a blossoming altar of Fedhas.
  8411 | D:5      | 8411 ||| INVOKING Berserk.
  8775 | D:7      | Found a shimmering altar of Xom.
  8776 | D:7      | Found a shimmering altar of Xom.
  8777 | D:7      | Found a shimmering altar of Xom.
  8777 | D:7      | Found a shimmering altar of Xom.
  8777 | D:7      | Found a shimmering altar of Xom.
  8864 | D:7      | 8864 ||| Stepping ~*~*~tactically~*~*~ (hiding).
  8875 | D:7      | 8875 ||| Stepping ~*~*~tactically~*~*~ (stealth).
  8988 | D:7      | 8988 ||| Stepping ~*~*~tactically~*~*~ (hiding).
  8990 | D:7      | 8990 ||| Stepping ~*~*~tactically~*~*~ (hiding).
  9133 | D:7      | 9133 ||| UPGRADING to ring of positive energy.
  9134 | D:7      | 9134 ||| READING scroll labelled VUNYRI QAORCHAE.
  9135 | D:7      | 9135 ||| DRINKING 2 viscous coppery potions.
  9180 | D:8      | 9180 ||| Stepping ~*~*~tactically~*~*~ (hiding).
  9189 | D:8      | 9189 ||| INVOKING Berserk.
  9192 | D:8      | Reached skill level 10 in Axes
  9331 | D:8      | Found an iron altar of Okawaru.
  9466 | D:8      | 9466 ||| FLEEEEING.
  9510 | D:8      | Found a broken altar of Ashenzari.
  9512 | D:8      | 9512 ||| Stepping ~*~*~tactically~*~*~ (stealth).
  9528 | D:8      | 9528 ||| INVOKING Berserk.
  9544 | D:8      | Reached **** piety under Trog
  9702 | D:8      | 9702 ||| INVOKING Berserk.
  9845 | D:8      | Noticed a two-headed ogre
  9846 | D:8      | 9846 ||| INVOKING Berserk.
  9853 | D:8      | Killed a two-headed ogre
  9854 | D:8      | Reached XP level 10. HP: 35/64 MP: 10/10
 10168 | D:8      | 10168 ||| Stepping ~*~*~tactically~*~*~ (stealth).
 10169 | D:8      | 10169 ||| Stepping ~*~*~tactically~*~*~ (stealth).
 10172 | D:8      | 10172 ||| Stepping ~*~*~tactically~*~*~ (stealth).
 10181 | D:8      | 10181 ||| INVOKING Berserk.
 10635 | D:8      | 10635 ||| Stepping ~*~*~tactically~*~*~ (hiding).
 10636 | D:8      | 10636 ||| Stepping ~*~*~tactically~*~*~ (hiding).
 10639 | D:8      | 10639 ||| Stepping ~*~*~tactically~*~*~ (hiding).
 10640 | D:8      | 10640 ||| Stepping ~*~*~tactically~*~*~ (hiding).
 10641 | D:8      | 10641 ||| Stepping ~*~*~tactically~*~*~ (hiding).
 10644 | D:8      | 10644 ||| INVOKING Berserk.
 10658 | D:8      | Reached skill level 11 in Axes
 10714 | D:8      | 10714 ||| Stepping ~*~*~tactically~*~*~ (stealth).
 10721 | D:8      | 10721 ||| INVOKING Berserk.
 10925 | D:8      | 10925 ||| READING scroll labelled SUKHEKH WEBB.
 10926 | D:8      | 10926 ||| READING 2 scrolls of identify.
 10926 | D:8      | 10926 ||| IDENTIFYING fizzy coppery potion
 10927 | D:8      | 10927 ||| DROPPING potion of ambrosia.
 10969 | D:9      | 10969 ||| INVOKING Berserk.
 11326 | D:9      | Found a hazy altar of Hepliaklqana.
 11601 | D:9      | Found a radiant altar of Vehumet.
 11610 | D:9      | Noticed a two-headed ogre
 11612 | D:9      | 11612 ||| INVOKING Berserk.
 11618 | D:9      | Killed a two-headed ogre
 11619 | D:9      | Reached skill level 9 in Fighting
 11972 | D:9      | Noticed an angel
 11973 | D:9      | Found a glowing silver altar of Zin.
 12006 | D:9      | 12006 ||| READING 2 scrolls of identify.
 12006 | D:9      | 12006 ||| IDENTIFYING murky black potion
 12007 | D:9      | 12007 ||| DROPPING potion of invisibility.
 12043 | D:10     | Entered Level 10 of the Dungeon
 12137 | D:10     | 12137 ||| INVOKING Berserk.
 12215 | D:10     | 12215 ||| Stepping ~*~*~tactically~*~*~ (stealth).
 12216 | D:10     | 12216 ||| Stepping ~*~*~tactically~*~*~ (stealth).
 12217 | D:10     | 12217 ||| Stepping ~*~*~tactically~*~*~ (stealth).
 12315 | D:10     | Reached XP level 11. HP: 60/72 MP: 11/11
 12358 | D:10     | 12358 ||| INVOKING Berserk.
 12366 | D:10     | HP: 18/72 [wyvern (9)]
 12367 | D:10     | 12367 ||| READING scroll of teleportation.
 12367 | D:10     | HP: 7/72 [wyvern (6)]
 12368 | D:10     | 12368 ||| DRINKING 3 potions of heal wounds.
 12412 | D:10     | 12412 ||| INVOKING Berserk.
 12429 | D:10     | 12429 ||| Stepping ~*~*~tactically~*~*~ (stealth).
 12430 | D:10     | 12430 ||| Stepping ~*~*~tactically~*~*~ (stealth).
 12434 | D:10     | HP: 16/72 [wyvern (10)]
 12435 | D:10     | 12435 ||| DRINKING 2 potions of heal wounds.
 12561 | D:10     | 12561 ||| FLEEEEING.
 12562 | D:10     | 12562 ||| FLEEEEING.
 12563 | D:10     | 12563 ||| FLEEEEING.
 12569 | D:10     | 12569 ||| INVOKING Berserk.
 12588 | D:10     | HP: 14/72 [gargoyle/+0 morningstar (16)]
 12589 | D:10     | 12589 ||| DRINKING potion of heal wounds.
 12593 | D:10     | HP: 12/72 [gargoyle/+0 morningstar (15)]
 12600 | D:10     | HP: 5/72 [gargoyle/stone arrow (9)]
 12601 | D:10     | Killed from afar by a gargoyle

Levels and vault maps discovered:
D:1:      dpeg_arrival_chambers_temple_mockup, layout_loops_ring, serial_shops,
          shop, hellmonk_ecumenical_altar_arch_garden, hex_large,
          chequers_big_river
D:2:      layout_basic, basic_altar, chequers_serial_rivers_micro_d
D:3:      layout_loops_corners, grunt_qazlal_sundering,
          nicolae_tso_besieged_by_evil, serial_shops, shop,
          nicolae_kite_square_tiling_tiny, uniq_terence, uniq_natasha,
          uniq_robin
D:4:      layout_rooms, grunt_gozag_breadcrumbs, uniq_menkaure
D:5:      layout_basic, lemuel_coloured_pillars_altar, hangedman_ru_absence,
          jmf_multi_god_temple2, mainiacjoe_overflow_alcove_1, serial_shops,
          kennysheep_mini_moat, nicolae_elevator_lobby_plus
D:6:      layout_cave_pools, temple_green, serial_rivers,
          chequers_serial_rivers_small_b, chequers_serial_rivers_marsh,
          chequers_serial_rivers_small_a, chequers_serial_rivers_large_b,
          kennysheep_potato
D:7:      layout_rooms, xom_shifter_show
D:8:      layout_rooms, evilmike_ruin_ashenzari, mainiacjoe_overflow_boulevard,
          chequers_mini_garden, st_stairs_3, grunt_ministairs_6
D:9:      layout_loops_ring, zin_angel, nicolae_hepliaklqana_hazy_memory,
          nicolae_vehumet_radiance, corexii_corridor_pit
D:10:     wander_kiku_kobolds, layout_layer_cave, david_lair_shrubbed,
          minmay_orc_entry_guard_dogs, serial_bayou, serial_bayou_pond_a,
          serial_bayou_pond_b, serial_bayou_shore_a, serial_bayou_crossing,
          small_statue_alley_a, uniq_snorg

Skill      XL: |  1  2  3  4  5  6  7  8  9 10 |
---------------+-------------------------------+-----
Axes           | 3 4 5 6 7 9 10 11 | 11.7
Fighting       | 4 5 6 8 9 |  9.8
Armour         | 3 4 7 |  7.7
Throwing       | 1 |  1.2
Dodging        | 2 |  2.1

Action                   |  1- 3 |  4- 6 |  7- 9 | 10-12 || total
-------------------------+-------+-------+-------+-------++-------
Melee: Hand axe          |    70 |     2 |       |       ||    72
       War axe           |       |    90 |   269 |   142 ||   501
       Punch             |       |     2 |     6 |     1 ||     9
Throw: Boomerang         |    36 |    51 |    26 |     6 ||   119
Invok: Berserk           |     2 |     5 |    14 |     9 ||    30
  Use: Scroll            |     6 |     2 |     4 |     4 ||    16
       Potion            |     1 |     4 |     3 |     3 ||    11
 Stab: Distracted        |     1 |       |       |       ||     1
Armor: Animal skin       |    14 |       |       |       ||    14
       Chain mail        |     8 |    42 |   166 |    72 ||   288
Dodge: Dodged            |    47 |    38 |    94 |    68 ||   247

Table legend:
 A = Non-vault XP
 B = Vault XP
 C = Vault XP percentage of total XP
 D = Non-vault monster count
 E = Vault monster count
 F = Vault count percentage of total count
                 A         B        C        D         E       F
            +---------+---------+-------+---------+---------+-------
      Total |    8464 |    1333 |  13.6 |     193 |      41 |  17.5
            +---------+---------+-------+---------+---------+-------
        D:1 |      31 |       0 |   0.0 |      20 |       0 |   0.0
        D:2 |      70 |       0 |   0.0 |      22 |       0 |   0.0
        D:3 |     219 |     147 |  40.2 |      25 |      22 |  46.8
        D:4 |     495 |     172 |  25.8 |      24 |       1 |   4.0
        D:5 |     685 |      74 |   9.7 |      16 |       5 |  23.8
        D:6 |    1323 |      97 |   6.8 |      21 |       2 |   8.7
        D:7 |     458 |       0 |   0.0 |      12 |       0 |   0.0
        D:8 |    2499 |     580 |  18.8 |      26 |       9 |  25.7
        D:9 |    1865 |       0 |   0.0 |      22 |       0 |   0.0
       D:10 |     819 |     263 |  24.3 |       5 |       2 |  28.6
            +---------+---------+-------+---------+---------+-------
